 Dungeon Crawl Stone Soup version 0.22-b1-59-g0aedee734a (webtiles) character file.

642 Gargoyl the Chopper (level 7, -4/59 HPs)
             Began as a Centaur Abyssal Knight on Aug 10, 2018.
             Was an Elder of Lugonu.
             Slain by an ogre
             ... wielding a cursed -1 giant club
              (24 damage)
             ... on level 4 of the Dungeon.
             The game lasted 00:07:28 (4011 turns).

Gargoyl the Chopper (Centaur Abyssal Knight)        Turns: 4011, Time: 00:07:28

Health: -4/59      AC:  9    Str: 14    XL:     7   Next: 26%
Magic:  10/10      EV:  6    Int: 11    God:    Lugonu [****..]
Gold:   214        SH:  0    Dex: 11    Spells: 6/6 levels left

rFire    . . .     SeeInvis .   a - +1 hand axe
rCold    . . .     Gourm    .   (no shield)
rNeg     . . .     Faith    .   i - +0 plate armour
rPois    .         Spirit   .   (no helmet)
rElec    .         Reflect  .   (no cloak)
rCorr    .         Harm     .   (no gloves)
MR       .....                  (no barding)
Stlth    ..........             q - amulet of the acrobat (curse)
HPRegen  0.19/turn              e - +4 ring of slaying
MPRegen  0.12/turn              p - +4 ring of evasion

@: very quick
A: large, hooves 3, deformed body, speed 2, tough skin 3
a: Depart the Abyss, Bend Space, Banish, Corrupt, Renounce Religion


You were on level 4 of the Dungeon.
You worshipped Lugonu.
Lugonu was greatly pleased with you.
You were hungry.

You visited 1 branch of the dungeon, and saw 4 of its levels.
You visited the Abyss 1 time.

You collected 214 gold pieces.

Inventory:

Hand Weapons
 a - a +1 hand axe (weapon)
Missiles
 g - 11 tomahawks (quivered)
Armour
 i - a +0 plate armour (worn)
Jewellery
 e - a +4 ring of slaying (left hand)
 o - a cursed ring of teleportation {unknown}
 p - a +4 ring of evasion (right hand)
 q - a cursed amulet of the acrobat (around neck)
 r - a +6 ring of intelligence {unknown}
Scrolls
 b - a scroll of blinking
 h - 2 scrolls of teleportation
 k - 4 scrolls of identify
 t - a scroll of remove curse
 u - a scroll of enchant armour {unknown}
Potions
 d - a potion of curing
 f - a potion of brilliance {unknown}
 j - a potion of lignification {unknown}
 l - 2 potions of heal wounds
 m - a potion of flight {unknown}
 n - a potion of mutation {unknown}
 v - 2 potions of cancellation {unknown}
Comestibles
 c - 10 rations
 s - 5 chunks of flesh


   Skills:
 + Level 4.2 Fighting
 + Level 4.5 Axes
 + Level 1.1 Throwing
 * Level 3.2 Armour
 + Level 0.8 Dodging
 * Level 4.2 Invocations


You had 6 spell levels left.
You didn't know any spells.
Your spell library contained the following spells:

 Spells                   Type           Power        Failure   Level  Hunger
 Confuse                  Hex            #.......     100%        3    ####...
 Throw Frost              Conj/Ice       #.....       100%        2    ###....
 Freeze                   Ice            #...         100%        1    ##.....
 Summon Ice Beast         Ice/Summ       #.......     100%        4    #####..
 Ozocubu's Armour         Chrm/Ice       #.......     100%        3    ####...
 Throw Icicle             Conj/Ice       #.......     100%        4    #####..
 Confusing Touch          Hex            #.....       100%        1    ##.....
 Metabolic Englaciation   Hex/Ice        #.........   100%        5    ######.
 Petrify                  Tmut/Erth      #.......     100%        4    #####..
 Gell's Gravitas          Tloc           #.........   100%        3    ####...
 Yara's Violent Unravell  Hex/Tmut       #.........   100%        5    ######.


Dungeon Overview and Level Annotations

Branches:
Dungeon (4/15)             Temple (0/1) D:4

Altars:
Fedhas
Makhleb
Sif Muna
Uskayaw


Innate Abilities, Weirdness & Mutations

You have hooves in place of feet.
Armour fits poorly on your strangely shaped body.
You cover ground very quickly.
You have extremely tough skin. (AC +3)


Message History

You are feeling hungry.
The ogre hits you with a giant club!
You hit the ogre. You kick the ogre!
The ogre is severely wounded.
The ogre barely misses you.
Your plate armour prevents you from hitting the ogre.
The ogre is severely wounded.
You hit the ogre.
The ogre is almost dead.
The ogre barely misses you.
You closely miss the ogre. Your kick misses the ogre.
The ogre is almost dead.
The ogre hits you with a giant club!
You hit the ogre.
The ogre is almost dead.
The ogre hits you with a giant club!
You barely miss the ogre.
The ogre is almost dead.
The ogre hits you with a giant club!!
You die...

#.....#.##.###.....####.
#.....#..#.# ##.######..
###+###.##.# #.# #...# ####
#......##.# #.# ##.#.#
....##.#....##.# #.###....# .
.....#....##.####.##..#### .
PP..#.......##......##... .P
♣♣♣♣P♣.(#.########.###..#....
..♣♣♣P♣♣PP.P(..O@......#
#..#...(
#OP♣P..PPP..#...########
#......# ###...P.....#.#.#
#....### ..........###.#.#
###..... ########### ###.#
#....# #<# ###### #. ##


You could see an ogre.

Vanquished Creatures
  A black bear (D:4)
  A scorpion (D:4)
  A howler monkey (D:3)
  2 crimson imps
  A hound (D:4)
  A centaur skeleton (D:4)
  2 orc wizards (D:4)
  5 worker ants (D:4)
  4 adders
  2 oozes
  An adder skeleton (D:4)
  2 worms
  2 dart slugs
  4 leopard geckos
  10 orcs
  11 bats
  2 giant cockroaches
  15 goblins
  12 hobgoblins
  4 jackals (D:4)
  8 kobolds
  3 quokkas
  A ball python (D:3)
  3 frilled lizards
  A jackal skeleton (D:4)
  8 rats
107 creatures vanquished.

Vanquished Creatures (others)
  2 plants (D:4)
  2 starspawn tentacles (Abyss:1)
4 creatures vanquished.

Grand Total: 111 creatures vanquished

Notes
Turn   | Place    | Note
-------+----------+-------------------------------------------
     0 | Abyss:1  | Gargoyl the Centaur Abyssal Knight began the quest for the Orb.
     0 | Abyss:1  | Reached XP level 1. HP: 19/19 MP: 2/2
    82 | Abyss:1  | Noticed a quasit
    83 | Abyss:1  | Noticed a tentacled starspawn
    86 | Abyss:1  | Noticed a raiju
    88 | D:1      | Escaped the Abyss
   138 | D:1      | Reached XP level 2. HP: 13/26 MP: 3/3
   315 | D:1      | Reached * piety under Lugonu
   483 | D:1      | Reached XP level 3. HP: 31/31 MP: 4/4
   974 | D:2      | Found a blossoming altar of Fedhas.
   982 | D:2      | Reached ** piety under Lugonu
  1008 | D:2      | Found a deep blue altar of Sif Muna.
  1330 | D:2      | Found a burning altar of Makhleb.
  1348 | D:2      | Reached XP level 4. HP: 38/40 MP: 4/6
  1773 | D:2      | Found a hide-covered altar of Uskayaw.
  2616 | D:3      | Reached XP level 5. HP: 42/46 MP: 7/7
  2766 | D:3      | Reached *** piety under Lugonu
  3163 | D:4      | Found a staircase to the Ecumenical Temple.
  3229 | D:4      | Reached XP level 6. HP: 47/52 MP: 8/8
  3313 | D:4      | Reached skill level 1 in Throwing
  3647 | D:4      | Reached XP level 7. HP: 55/59 MP: 10/10
  3907 | D:4      | Reached **** piety under Lugonu
  4011 | D:4      | Slain by an ogre

Skill      XL: |  1  2  3  4  5  6 |
---------------+-------------------+-----
Axes           | 2 3 4 |  4.5
Armour         | 2 3 |  3.2
Invocations    | 3 4 |  4.2
Fighting       | 4 |  4.2
Throwing       | 1 |  1.1
Dodging        | |  0.8

Action                   |  1- 3 |  4- 6 |  7- 9 || total
-------------------------+-------+-------+-------++-------
Melee: Hand axe          |    67 |   184 |    24 ||   275
       Kick              |    15 |    37 |     6 ||    58
Throw: Tomahawk          |       |     2 |     4 ||     6
Invok: Depart the Abyss  |     1 |       |       ||     1
  Use: Potion            |     1 |     2 |       ||     3
       Scroll            |     2 |     6 |     1 ||     9
  Eat: Chunk             |       |     6 |     1 ||     7
Armor: Leather armour    |    15 |       |       ||    15
       Plate armour      |    32 |   148 |    11 ||   191
Dodge: Dodged            |    21 |    28 |    10 ||    59
